[ AOE2 MATCH · #505251975 ]
UnrankedHindustanis vs Ethiopians
Rival team · WIN
[ REPLAY ANALYSIS · EXTRACTED FROM THE RECORDED GAME ]
Feudal
9:33
Castle
22:04
Imperial
—
| APM avg | 70.4 |
| APM peak | 138 |
| eAPM avg | 32.6 |
| Villagers / military | 116 / 133 |
Focus
⚔️ 34.9% · 🌾 65.1%
Ghulam ×109 · Archer ×17 · Armored Elephant ×6 · Spearman ×1
Feudal
12:13
Castle
19:19
Imperial
38:11
| APM avg | 72.0 |
| APM peak | 125 |
| eAPM avg | 38.2 |
| Villagers / military | 146 / 95 |
Focus
⚔️ 45.3% · 🌾 54.7%
Archer ×62 · Shotel Warrior ×13 · Trebuchet (Packed) ×5 · Militia ×4 · Mangonel ×4 · Scorpion ×4
Match map
Initial resources + every placement click. Lines = walls · curves = elevation contours. ◆ gold · ⬟ stone · ● berries · ✦ relic · ◌ wall gap
Your base· Open — unwalled flank
Enzberg's base· ✓ Closed at 19:19 · 51t walls · 1 gate(s)
Smoothed initial terrain · ◌ = detected wall gap · hover for details
Inputs per minute
— Hackali - - Enzberg
Build order — Hackali
First 150 of 406 actions detected
| 0:01 | Build | House |
| 0:02 | Build | House |
| 0:03 | Create | Villager (Male) |
| 0:17 | Create | Villager (Male) |
| 0:17 | Create | Villager (Male) |
| 0:17 | Create | Villager (Male) |
| 1:08 | Create | Villager (Male) |
| 1:37 | Create | Villager (Male) |
| 1:53 | Build | Lumber Camp |
| 1:56 | Create | Villager (Male) |
| 2:46 | Create | Villager (Male) |
| 2:46 | Create | Villager (Male) |
| 3:04 | Create | Villager (Male) |
| 3:04 | Create | Villager (Male) |
| 3:04 | Create | Villager (Male) |
| 3:36 | Create | Villager (Male) |
| 3:36 | Create | Villager (Male) |
| 3:58 | Create | Villager (Male) |
| 4:04 | Create | Villager (Male) |
| 4:05 | Create | Villager (Male) |
| 4:35 | Create | Villager (Male) |
| 4:41 | Build | House |
| 4:43 | Research | Loom |
| 4:54 | Build | House |
| 5:18 | Create | Villager (Male) |
| 5:19 | Create | Villager (Male) |
| 5:19 | Create | Villager (Male) |
| 5:29 | Build | House |
| 5:35 | Create | Villager (Male) |
| 5:35 | Create | Villager (Male) |
| 5:40 | Build | Mill |
| 6:14 | Build | Palisade Wall |
| 6:17 | Build | Palisade Wall |
| 6:26 | Build | Palisade Wall |
| 6:49 | Build | Palisade Wall |
| 6:50 | Build | Palisade Wall |
| 7:01 | Create | Villager (Male) |
| 7:20 | Research | Feudal Age |
| 7:51 | Build | Palisade Wall |
| 7:54 | Build | Palisade Wall |
| 7:55 | Build | Palisade Wall |
| 8:03 | Create | Villager (Male) |
| 8:19 | Build | Mining Camp |
| 8:46 | Build | Palisade Wall |
| 9:02 | Build | Palisade Wall |
| 9:04 | Build | Palisade Wall |
| 9:07 | Build | Palisade Wall |
| 9:09 | Build | Palisade Wall |
| 9:11 | Build | Palisade Wall |
| 9:19 | Build | Palisade Wall |
| 9:20 | Build | Palisade Wall |
| 9:26 | Build | Barracks |
| 9:33 | Age | Feudal Age |
| 9:36 | Build | Palisade Wall |
| 9:39 | Create | Villager (Male) |
| 9:44 | Research | Double-Bit Axe |
| 10:00 | Create | Villager (Male) |
| 10:21 | Create | Villager (Male) |
| 10:26 | Build | Archery Range |
| 10:54 | Create | Spearman |
| 10:58 | Create | Villager (Male) |
| 11:05 | Create | Villager (Male) |
| 11:15 | Create | Villager (Male) |
| 11:18 | Build | House |
| 11:19 | Create | Archer |
| 11:23 | Build | Mill |
| 11:37 | Research | Wheelbarrow |
| 11:43 | Create | Villager (Male) |
| 12:11 | Build | Farm |
| 12:12 | Create | Archer |
| 12:12 | Create | Archer |
| 12:28 | Build | Archery Range |
| 12:40 | Build | Palisade Wall |
| 12:42 | Build | Palisade Wall |
| 12:56 | Create | Archer |
| 13:05 | Create | Archer |
| 13:14 | Create | Villager (Male) |
| 13:17 | Build | Farm |
| 13:22 | Create | Villager (Male) |
| 13:35 | Create | Archer |
| 13:37 | Build | House |
| 13:44 | Research | Town Watch |
| 13:47 | Create | Villager (Male) |
| 14:05 | Create | Archer |
| 14:09 | Create | Villager (Male) |
| 14:11 | Build | Farm |
| 14:29 | Create | Villager (Male) |
| 14:30 | Build | Farm |
| 14:31 | Build | Farm |
| 14:54 | Build | Blacksmith |
| 14:56 | Create | Archer |
| 14:56 | Create | Archer |
| 15:01 | Create | Villager (Male) |
| 15:06 | Build | House |
| 15:09 | Build | House |
| 15:13 | Build | House |
| 15:16 | Build | House |
| 15:23 | Create | Archer |
| 15:24 | Create | Archer |
| 15:45 | Research | Fletching |
| 15:50 | Build | House |
| 15:59 | Create | Archer |
| 16:00 | Create | Archer |
| 16:04 | Create | Villager (Male) |
| 16:06 | Build | Farm |
| 16:47 | Create | Villager (Male) |
| 16:47 | Create | Villager (Male) |
| 16:48 | Build | Farm |
| 16:49 | Build | Farm |
| 16:55 | Create | Archer |
| 16:55 | Create | Archer |
| 17:12 | Create | Archer |
| 17:12 | Create | Archer |
| 17:23 | Build | Palisade Wall |
| 17:26 | Build | House |
| 17:26 | Build | Palisade Wall |
| 17:29 | Build | House |
| 17:32 | Build | House |
| 17:36 | Create | Villager (Male) |
| 17:41 | Build | Farm |
| 18:02 | Create | Villager (Male) |
| 18:16 | Create | Villager (Male) |
| 18:31 | Create | Villager (Male) |
| 18:38 | Build | Market |
| 18:46 | Create | Villager (Male) |
| 18:56 | Build | Mining Camp |
| 19:24 | Research | Castle Age |
| 19:28 | Build | House |
| 19:39 | Build | House |
| 20:02 | Research | Scale Mail Armor |
| 20:02 | Research | Scale Mail Armor |
| 20:08 | Research | Horse Collar |
| 20:22 | Research | Stone Mining |
| 20:22 | Research | Stone Mining |
| 20:43 | Create | Villager (Male) |
| 20:45 | Build | Farm |
| 20:46 | Create | Villager (Male) |
| 20:48 | Build | Farm |
| 20:55 | Build | House |
| 21:01 | Build | House |
| 21:19 | Create | Villager (Male) |
| 21:38 | Build | House |
| 21:41 | Build | House |
| 21:42 | Build | House |
| 21:44 | Build | House |
| 21:56 | Build | Farm |
| 22:04 | Age | Castle Age |
| 22:12 | Create | Villager (Male) |
| 22:16 | Build | Castle |
| 22:26 | Research | Chain Mail Armor |
Build order — Enzberg
First 150 of 402 actions detected
| 0:00 | Create | Villager (Male) |
| 0:00 | Create | Villager (Male) |
| 0:00 | Create | Villager (Male) |
| 0:00 | Create | Villager (Male) |
| 0:02 | Build | House |
| 0:02 | Build | House |
| 1:20 | Create | Villager (Male) |
| 1:20 | Create | Villager (Male) |
| 1:20 | Create | Villager (Male) |
| 1:20 | Create | Villager (Male) |
| 1:40 | Create | Villager (Male) |
| 1:40 | Create | Villager (Male) |
| 1:40 | Create | Villager (Male) |
| 1:40 | Create | Villager (Male) |
| 1:56 | Build | Lumber Camp |
| 2:22 | Create | Villager (Male) |
| 2:22 | Create | Villager (Male) |
| 2:22 | Create | Villager (Male) |
| 2:22 | Create | Villager (Male) |
| 2:40 | Create | Villager (Male) |
| 2:58 | Create | Villager (Male) |
| 2:58 | Create | Villager (Male) |
| 2:58 | Create | Villager (Male) |
| 3:27 | Create | Villager (Male) |
| 3:27 | Create | Villager (Male) |
| 3:49 | Build | House |
| 3:53 | Create | Villager (Male) |
| 4:08 | Build | House |
| 4:16 | Create | Villager (Male) |
| 4:16 | Create | Villager (Male) |
| 4:42 | Create | Villager (Male) |
| 4:42 | Create | Villager (Male) |
| 4:42 | Create | Villager (Male) |
| 4:54 | Create | Villager (Male) |
| 4:56 | Build | Barracks |
| 5:13 | Create | Villager (Male) |
| 5:13 | Create | Villager (Male) |
| 5:15 | Create | Villager (Male) |
| 5:40 | Build | House |
| 5:49 | Create | Militia |
| 5:49 | Create | Militia |
| 6:13 | Create | Villager (Male) |
| 6:24 | Create | Militia |
| 6:48 | Build | Mill |
| 6:54 | Create | Villager (Male) |
| 7:16 | Build | Mining Camp |
| 7:17 | Create | Villager (Male) |
| 7:53 | Create | Villager (Male) |
| 7:58 | Build | Mill |
| 8:09 | Create | Villager (Male) |
| 8:48 | Create | Villager (Male) |
| 9:06 | Create | Villager (Male) |
| 9:14 | Research | Loom |
| 9:27 | Build | House |
| 9:28 | Build | Palisade Wall |
| 10:00 | Research | Feudal Age |
| 10:10 | Build | Palisade Wall |
| 10:18 | Build | Palisade Wall |
| 10:23 | Build | Palisade Wall |
| 10:34 | Build | Palisade Wall |
| 10:43 | Create | Militia |
| 10:52 | Build | Palisade Gate |
| 11:40 | Create | Villager (Male) |
| 11:44 | Build | House |
| 12:12 | Build | Farm |
| 12:13 | Age | Feudal Age |
| 12:15 | Build | Farm |
| 12:22 | Create | Villager (Male) |
| 12:24 | Build | Archery Range |
| 12:31 | Create | Villager (Male) |
| 12:37 | Build | Blacksmith |
| 12:38 | Create | Villager (Male) |
| 12:42 | Research | Double-Bit Axe |
| 12:43 | Research | Horse Collar |
| 12:43 | Research | Horse Collar |
| 12:52 | Create | Villager (Male) |
| 13:03 | Create | Archer |
| 13:04 | Create | Archer |
| 13:05 | Create | Villager (Male) |
| 13:14 | Create | Villager (Male) |
| 13:20 | Build | Farm |
| 13:23 | Build | House |
| 13:25 | Research | Fletching |
| 13:25 | Research | Fletching |
| 13:40 | Create | Villager (Male) |
| 13:42 | Build | Farm |
| 13:56 | Build | Farm |
| 13:57 | Create | Villager (Male) |
| 14:09 | Create | Archer |
| 14:11 | Build | House |
| 14:31 | Create | Archer |
| 14:43 | Build | House |
| 15:09 | Build | Market |
| 15:20 | Create | Archer |
| 15:36 | Build | Lumber Camp |
| 15:41 | Create | Archer |
| 15:48 | Create | Archer |
| 16:00 | Build | House |
| 16:04 | Create | Villager (Male) |
| 16:16 | Build | Farm |
| 16:25 | Build | Farm |
| 16:39 | Research | Castle Age |
| 16:41 | Create | Archer |
| 16:46 | Build | House |
| 16:54 | Build | House |
| 16:57 | Build | House |
| 16:58 | Build | House |
| 17:13 | Research | Padded Archer Armor |
| 17:26 | Build | Archery Range |
| 17:55 | Research | Gold Mining |
| 17:59 | Build | Farm |
| 18:08 | Create | Archer |
| 18:11 | Build | Farm |
| 18:14 | Create | Archer |
| 18:20 | Create | Villager (Male) |
| 18:32 | Create | Archer |
| 18:35 | Build | Farm |
| 18:41 | Create | Archer |
| 18:47 | Build | Farm |
| 19:07 | Create | Archer |
| 19:19 | Age | Castle Age |
| 19:22 | Research | Bodkin Arrow |
| 19:22 | Research | Bodkin Arrow |
| 19:22 | Research | Crossbowman (upgrade) |
| 19:26 | Create | Villager (Male) |
| 19:34 | Create | Archer |
| 19:34 | Create | Archer |
| 19:44 | Research | Bow Saw |
| 19:44 | Research | Bow Saw |
| 19:49 | Create | Archer |
| 19:49 | Create | Archer |
| 20:14 | Create | Villager (Male) |
| 20:21 | Build | University |
| 20:23 | Create | Villager (Male) |
| 20:23 | Create | Archer |
| 20:23 | Create | Archer |
| 20:40 | Create | Archer |
| 20:40 | Create | Archer |
| 20:43 | Create | Villager (Male) |
| 21:10 | Create | Archer |
| 21:11 | Create | Villager (Male) |
| 21:20 | Build | House |
| 21:26 | Research | Ballistics |
| 21:29 | Create | Villager (Male) |
| 21:37 | Create | Villager (Male) |
| 21:47 | Create | Villager (Male) |
| 21:49 | Build | House |
| 22:01 | Create | Villager (Male) |
| 22:01 | Create | Villager (Male) |
| 22:07 | Build | Siege Workshop |
Match timeline
| 4:56 | Enzberg · first_building Barracks |
| 6:14 | Hackali · wall_segment Palisade Wall x8 |
| 6:17 | Hackali · wall_segment Palisade Wall x1 |
| 6:26 | Hackali · wall_segment Palisade Wall x10 |
| 6:49 | Hackali · wall_segment Palisade Wall x3 |
| 6:50 | Hackali · wall_segment Palisade Wall x3 |
| 7:51 | Hackali · wall_segment Palisade Wall x3 |
| 7:54 | Hackali · wall_segment Palisade Wall x2 |
| 7:55 | Hackali · wall_segment Palisade Wall x1 |
| 8:46 | Hackali · wall_segment Palisade Wall x1 |
| 9:02 | Hackali · wall_segment Palisade Wall x1 |
| 9:04 | Hackali · wall_segment Palisade Wall x1 |
| 9:07 | Hackali · wall_segment Palisade Wall x1 |
| 9:09 | Hackali · wall_segment Palisade Wall x1 |
| 9:11 | Hackali · wall_segment Palisade Wall x1 |
| 9:19 | Hackali · wall_segment Palisade Wall x1 |
| 9:20 | Hackali · wall_segment Palisade Wall x1 |
| 9:26 | Hackali · first_building Barracks |
| 9:28 | Enzberg · wall_segment Palisade Wall x18 |
| 9:33 | Hackali · age_up feudal |
| 9:36 | Hackali · wall_segment Palisade Wall x1 |
| 10:10 | Enzberg · wall_segment Palisade Wall x8 |
| 10:18 | Enzberg · wall_segment Palisade Wall x5 |
| 10:23 | Enzberg · wall_segment Palisade Wall x16 |
| 10:26 | Hackali · first_building Archery Range |
| 10:34 | Enzberg · wall_segment Palisade Wall x6 |
| 12:13 | Enzberg · age_up feudal |
| 12:24 | Enzberg · first_building Archery Range |
| 12:40 | Hackali · wall_segment Palisade Wall x4 |
| 12:42 | Hackali · wall_segment Palisade Wall x18 |
| 16:29 | Enzberg · first_market_sell 100 stone |
| 16:30 | Enzberg · first_market_buy 100 food |
| 17:23 | Hackali · wall_segment Palisade Wall x1 |
| 17:26 | Hackali · wall_segment Palisade Wall x1 |
| 19:19 | Enzberg · age_up castle |
| 20:07 | Hackali · first_market_buy 100 food |
| 22:04 | Hackali · age_up castle |
| 22:07 | Enzberg · first_building Siege Workshop |
| 22:16 | Hackali · first_building Castle |
| 24:56 | Hackali · first_market_sell 100 food |
| 26:50 | Enzberg · first_building Monastery |
| 28:54 | Enzberg · wall_segment Stone Wall x1 |
| 31:34 | Enzberg · first_building Castle |
| 34:01 | Hackali · first_building Siege Workshop |
| 38:11 | Enzberg · age_up imperial |
| 39:00 | Enzberg · wall_segment Stone Wall x3 |
| 39:41 | Enzberg · wall_segment Stone Wall x2 |
| 41:24 | Hackali · resign |
[ AI ANALYSIS · 1 CREDIT ]
What really happened in this match?
Wolo.gg analyzes every decision: build order, eco, micro, common mistakes by bracket. Personalized analysis on WhatsApp or Discord in 30 seconds.
Civ guide
Hindustanis
Perfil
Jugador #3899580